 Dungeon Crawl Stone Soup version 0.31.0-32-g396128a36d (webtiles) character file.

Game seed: 6256212700734181151

112124 Loxlax the Slicer (level 16, -6/88 HPs)
             Began as a Vine Stalker Gladiator on Mar 16, 2024.
             Was the Champion of Makhleb.
             Killed from afar by a guardian serpent (18 damage)
             ... with a bolt of poison
             ... on level 1 of the Snake Pit on Apr 3, 2024.
             The game lasted 02:42:55 (28686 turns).

Loxlax the Slicer (Vine Stalker Gladiator)         Turns: 28686, Time: 02:42:55

Health: -6/88      AC: 27    Str: 26    XL:     16   Next: 59%
Magic:  0/25       EV: 13    Int:  8    God:    Makhleb [******]
Gold:   1417       SH: 19    Dex: 22    Spells: 15/15 levels left

rFire   . . .        a - +3 demon blade (spect)
rCold   . . .        V - +1 kite shield
rNeg    . . .        f - +2 crystal plate armour
rPois   .            c - +1 helmet
rElec   .            v - +2 cloak
rCorr   .            p - +0 pair of gloves of the Dowdy God {Str+3}
SInv    .            P - +0 pair of boots {Stlth+}
Will    ++...        D - amulet of reflection Stlth
                     G - +5 ring of evasion
HPRegen 1.14/turn    y - +6 ring of dexterity
MPRegen 0.19/turn

%: reflection, guardian spirit
@: lethally poisoned (-6 -> -19), slowed, very slow
A: fangs 3, regeneration 1, magic shield, antimagic bite, no potion heal 2,
clumsy 1
a: Renounce Religion, Minor Destruction, Lesser Servant of Makhleb, Major
Destruction, Greater Servant of Makhleb


You were on level 1 of the Snake Pit.
You worshipped Makhleb.
Makhleb was exalted by your worship.
You visited 5 branches of the dungeon, and saw 24 of its levels.
You also visited: Sewer and Ice Cave.

You collected 2199 gold pieces.
You spent 782 gold pieces at shops.

Inventory:

Hand Weapons
 a - a +3 spectral demon blade (weapon)
 b - the +4 rapier of the Ghost {flame, rElec rF- Int+6}
   (You found it on level 11 of the Dungeon)

   Int+6:     It affects your intelligence (+6).
   rF-:       It makes you vulnerable to fire.
   rElec:     It insulates you from electricity.
Missiles
 h - 4 throwing nets
 q - 80 poisoned darts (quivered)
Armour
 c - a +1 helmet (worn)
 e - a scarf of repulsion
 f - a +2 crystal plate armour (worn)
 p - the +0 pair of gloves of the Dowdy God (worn) {Str+3}
   (You bought it in a shop on level 1 of the Orcish Mines)

   Str+3:     It affects your strength (+3).
 v - a +2 cloak (worn)
 B - a +2 ring mail of fire resistance
 P - a +0 pair of boots of stealth (worn)
 V - a +1 kite shield (worn)
Magical Staves
 H - a staff of fire
Jewellery
 g - a ring of see invisible
 i - a ring of protection from cold
 y - a +6 ring of dexterity (right hand)
 C - a +4 ring of protection
 D - an amulet of reflection (around neck)
 G - a +5 ring of evasion (left hand)
 K - an amulet of regeneration
 L - a ring of protection from fire
 U - a +6 ring of strength
Wands
 k - a wand of quicksilver (19)
 l - a wand of mindburst (15)
 z - a wand of flame (61)
 J - a wand of digging (6)
 R - a wand of iceblast (13)
 Z - a wand of charming (8)
Scrolls
 d - 3 scrolls of fear
 m - 2 scrolls of identify
 o - 10 scrolls of poison
 u - a scroll of blinking
 w - 3 scrolls of teleportation
 A - 2 scrolls of noise
 F - 2 scrolls of revelation
 I - 5 scrolls of fog
 M - 2 scrolls of immolation
 S - a scroll of silence
 W - 3 scrolls of torment
Potions
 j - 2 potions of haste
 n - a potion of might
 r - 4 potions of mutation
 s - 5 potions of curing
 t - 2 potions of invisibility
 x - a potion of enlightenment
 E - a potion of resistance
 N - a potion of magic
 O - 2 potions of attraction
 Q - a potion of lignification
 T - 4 potions of brilliance
 X - a potion of cancellation
 Y - 3 potions of berserk rage


   Skills:
 + Level 11.9 Fighting
 - Level 13.8(15.0) Short Blades
 * Level 9.7(13.0) Long Blades
 - Level 1.7 Throwing
 - Level 5.0 Armour
 + Level 7.5 Dodging
 - Level 9.0 Stealth
 * Level 9.7 Shields
 + Level 11.9 Invocations


You had 15 spell levels left.
You didn't know any spells.
Your spell library contained the following spells:

 Spells                   Type           Power      Damage    Failure   Level
 Apportation              Tloc           0%         N/A       100%        1
 Freeze                   Ice            0%         1d3       100%        1
 Sting                    Conj/Alch      0%         1d3       100%        1
 Call Imp                 Summ           0%         N/A       100%        2
 Ensorcelled Hibernation  Hex/Ice        0%         N/A       100%        2
 Jinxbite                 Hex            0%         N/A       100%        2
 Mercury Vapours          Alch/Air       0%         N/A       100%        2
 Sublimation of Blood     Necr           0%         N/A       100%        2
 Frozen Ramparts          Ice            0%         1d1       100%        3
 Fugue of the Fallen      Necr           0%         N/A       100%        3
 Hailstorm                Conj/Ice       0%         3d5       100%        3
 Inner Flame              Hex/Fire       0%         N/A       100%        3
 Anguish                  Hex/Necr       0%         N/A       100%        4
 Animate Dead             Necr           0%         N/A       100%        4
 Leda's Liquefaction      Alch/Erth      0%         N/A       100%        4
 Martyr's Knell           Necr/Summ      0%         N/A       100%        4
 Olgreb's Toxic Radiance  Alch           0%         N/A       100%        4
 Borgnjor's Vile Clutch   Necr/Erth      0%         N/A       100%        5
 Irradiate                Conj/Alch      0%         3d11      100%        5
 Lee's Rapid Deconstruct  Erth           0%         3d4*      100%        5
 Yara's Violent Unravell  Hex/Alch       0%         3d3       100%        5
 Bombard                  Conj/Erth      0%         9d1       100%        6
 Death Channel            Necr           0%         N/A       100%        6
 Enfeeble                 Hex            0%         N/A       100%        7
 Monstrous Menagerie      Summ           0%         N/A       100%        7
 Summon Hydra             Summ           0%         N/A       100%        7
 Ignition                 Fire           0%         3d3       100%        8
 Summon Horrible Things   Summ           0%         N/A       100%        8


Dungeon Overview and Level Annotations

Branches:
Dungeon (15/15)            Temple (1/1) D:4            Lair (5/5) D:11
 Shoals (0/4) Lair:2        Snake (1/4) Lair:3        Slime (0/5) Lair:4
    Orc (2/2) D:11            Elf (0/3) Orc:2        Vaults (0/5) D:13
 Depths (0/4) D:15          Sewer (visited)           IceCv (visited)

Altars:
Ashenzari
Cheibriados
Dithmenos
Elyvilon
Fedhas
Gozag
Hepliaklqana
Kikubaaqudgha
Makhleb
Nemelex Xobeh
Okawaru
Qazlal
Ru
Sif Muna
Trog
Uskayaw
Vehumet
Wu Jian
Xom
Yredelemnul
Zin
The Shining One
Jiyva

Shops:
D:1 [   D:12 (   Orc:1 [   Orc:2 *:![(

Annotations:
D:14 3 runed translucent doors
Lair:1 3 runed translucent doors, Peloso's ghost, journeyman MiFi


Innate Abilities, Weirdness & Mutations

You have razor-sharp teeth.
Your natural rate of healing is unusually fast.
When hurt, damage is shared between your health and your magic reserves.
Your bite disrupts and absorbs the magic of your enemies.
Potions cannot restore your health.
You are clumsy. (Dex -2)


Message History

The guardian serpent coils itself and waves its upper body at you.
The bolt of poison hits you but does no damage.
You are poisoned.
Press: ? - help, . - travel You can't see that place. [the floor.] Unknown command.
Aiming: Major Destruction (1% risk of failure)
Press: ? - help, Shift-Dir - straight line, f - salamander, p - guardian serpent
Aim: a salamander, wielding a +0 trident (strong)
The bolt of lightning misses the guardian serpent.
The bolt of lightning hits the naga warrior!
The naga warrior is moderately wounded.
The bolt of lightning hits the salamander!
The salamander is moderately wounded.
You feel very sick.
The naga warrior looks more healthy.
The guardian serpent coils itself and waves its upper body at you.
The bolt of poison hits you.
You are lethally poisoned!
* * * LOW HITPOINT WARNING * * *
The guardian serpent hits you but does no damage. x2
Your system rejects the healing.
You feel better. The guardian serpent barely misses you.
You block the guardian serpent's attack.
Aiming: Major Destruction (1% risk of failure)
Press: ? - help, Shift-Dir - straight line, f/p - salamander
Aim: a salamander, wielding a +0 trident (moderately wounded, strong)
The bolt of fire misses the guardian serpent.
The bolt of fire hits the naga warrior!
The naga warrior is heavily wounded.
The bolt of fire hits the salamander.
The salamander completely resists.
The salamander is moderately wounded.
The naga warrior no longer looks unusually strong.
The guardian serpent coils itself and waves its upper body at you.
You feel as though you will be slow longer.
The guardian serpent coils itself and waves its upper body at you.
The bolt of poison hits you!!
You are lethally poisoned!
You die...

..................## ##..###..
...................# #........
#####.....#####....### ##........
######...#######.....###.........
#...##...##...##.................
#...##...##...##............#....
#...#######...##.............#...
#....#####....##.##..............
..............##@####......#.....
..............##S#####....###....
###....####...##NN.##.....# #....
####..######..##N.........###....
..##..##..##..##.....####..##....
..##..##..##..##...### ##........
..######..######..## ##.........
...####....####....####...##..###
.......).............#...###..#


You could see 2 naga warriors, a salamander (strong) and a guardian serpent.

Vanquished Creatures
  2 orc warlords (Orc:2)
  Snorg (Orc:1)
  An entropy weaver (shapeshifter) (D:13)
  2 rakshasas
  Harold (Orc:1)
  6 hydras
  3 vault guards (D:13)
  2 catoblepae
  2 anacondas (Snake:1)
  3 centaur warriors
  A death knight (D:14)
  2 boulder beetles
  15 death yaks
  3 tengu warriors
  A two-headed ogre (D:13)
  2 shock serpents (Snake:1)
  A naga sharpshooter (Snake:1)
  3 skysharks
  A fire crab (shapeshifter) (D:13)
  2 bog bodies (IceCv)
  A glowing orange brain (D:15)
  9 skeletal warriors
  5 orc knights
  2 deep elf pyromancers (D:12)
  2 manticores
  4 cyclopes
  An orc sorcerer (Orc:2)
  7 elephants
  Maurice (Orc:2)
  14 ugly things
  3 salamanders
  2 naga magi (Snake:1)
  9 black mambas
  4 kobold blastminers
  3 gargoyles (D:13)
  2 torpor snails
  21 cane toads
  An ice statue (IceCv)
  Maggie (D:8)
  3 unseen horrors
  A rime drake (Lair:4)
  A yaktaur (D:14)
  5 komodo dragons
  An efreet (D:15)
  3 freezing wraiths
  3 kobold demonologists
  A yaktaur (shapeshifter) (D:12)
  An ice devil (IceCv)
  An anaconda simulacrum (IceCv)
  4 trolls
  A hornet (D:11)
  4 polar bears
  Grinder (D:6)
  11 dream sheep
  A tyrant leech (Lair:5)
  23 blink frogs
  A dream sheep (shapeshifter) (D:15)
  11 slime creatures
  2 dire elephant simulacra (IceCv)
  2 shadows
  A centaur simulacrum (D:14)
  2 wraiths
  5 wargs
  5 wyverns
  3 basilisks
  32 yaks
  3 death yak simulacra
  A steam dragon (D:6)
  7 vampire mosquitoes
  8 nagas (Snake:1)
  2 harpy simulacra (IceCv)
  3 acid dragons
  13 water moccasins
  Duvessa (D:7)
  27 orc warriors
  A swamp drake (shapeshifter) (D:8)
  2 ice beasts
  2 black bears
  2 sky beasts (D:7)
  A laughing skull (D:8)
  3 ogres
  5 wolves
  12 centaurs
  3 phantoms
  8 kobold brigands
  26 bullfrogs
  2 cane toad simulacra (IceCv)
  4 necrophages
  A scorpion (D:5)
  9 two-headed ogre simulacra
  Dowan (D:7)
  9 wights
  7 killer bees
  2 elephant simulacra (IceCv)
  6 howler monkeys
  2 electric eels (Lair:5)
  2 lava snakes (Lair:3)
  6 hounds
  2 bombardier beetles
  A gnoll bouda (Lair:5)
  19 orc priests
  6 jellies
  A sleepcap (D:8)
  4 iguanas
  5 hell rats (Lair:4)
  30 orc wizards
  4 troll simulacra (IceCv)
  4 polar bear simulacra (IceCv)
  A spriggan simulacrum (D:13)
  2 wolf simulacra (IceCv)
  6 adders
  9 naga simulacra
  8 white imps
  9 ufetubi (IceCv)
  3 dart slugs
  101 orcs
  7 bats
  8 endoplasms
  4 giant cockroaches
  3 hobgoblins
  2 quokkas
  10 ball pythons
  6 frilled lizards
  3 goblins
  31 kobolds
  12 rats
757 creatures vanquished.

Vanquished Creatures (collateral kills)
  A tengu warrior (D:14)
  A komodo dragon (Lair:2)
  A blink frog (Lair:5)
  2 wyverns
  A centaur simulacrum (D:14)
  3 yaks (Lair:2)
  An orc warrior (Orc:2)
  An ogre (Orc:2)
  3 kobold brigands (D:9)
  A bullfrog (D:9)
  2 kobolds (D:9)
17 creatures vanquished.

Vanquished Creatures (others)
  A butterfly (D:14)
1 creature vanquished.

Grand Total: 775 creatures vanquished

Notes
Turn   | Place    | Note
-------+----------+-------------------------------------------
     0 | D:1      | Loxlax the Vine Stalker Gladiator began the quest for the
                  | Orb.
     0 | D:1      | Reached XP level 1. HP: 11/11 MP: 2/2
   176 | D:1      | Reached XP level 2. HP: 11/15 MP: 1/3
   185 | D:1      | Reached skill level 3 in Short Blades
   301 | D:1      | Found Hihoc's Antique Armour Boutique.
   974 | D:2      | Reached XP level 3. HP: 17/18 MP: 2/4
  1179 | D:2      | Reached skill level 1 in Stealth
  1681 | D:3      | Reached XP level 4. HP: 23/23 MP: 5/5
  1829 | D:3      | Reached skill level 1 in Shields
  2410 | D:3      | Reached XP level 5. HP: 27/27 MP: 6/6
  2640 | D:4      | Found a burning altar of Makhleb.
  2661 | D:4      | Noticed a black bear
  2678 | D:4      | Killed a black bear
  2679 | D:4      | Reached skill level 4 in Short Blades
  2716 | D:4      | Found an ornate altar of the Wu Jian Council.
  2929 | D:4      | Found a staircase to the Ecumenical Temple.
  2948 | Temple   | Entered the Ecumenical Temple
  3013 | D:4      | Reached XP level 6. HP: 32/32 MP: 7/7
  3995 | D:4      | Became a worshipper of Makhleb the Destroyer
  4034 | D:5      | Entered Level 5 of the Dungeon
  4045 | D:5      | Reached skill level 5 in Short Blades
  4045 | D:5      | Reached XP level 7. HP: 36/36 MP: 8/8
  4167 | D:5      | Found the +0 toga "Victory" {*Victory Clar}
  4913 | D:6      | Gained mutation: You have razor-sharp teeth. [Vine Stalker
                  | growth]
  4913 | D:6      | Reached XP level 8. HP: 42/42 MP: 9/9
  4959 | D:6      | Found a glowing drain.
  4964 | Sewer    | Entered a sewer
  5022 | Sewer    | Reached skill level 1 in Invocations
  5029 | Sewer    | Reached * piety under Makhleb
  5030 | Sewer    | Reached skill level 6 in Short Blades
  5166 | Sewer    | Reached skill level 5 in Stealth
  5294 | D:6      | Noticed Grinder
  5470 | D:6      | Reached XP level 9. HP: 46/46 MP: 11/11
  5481 | D:6      | Reached skill level 7 in Short Blades
  5506 | D:6      | Reached ** piety under Makhleb
  5652 | D:6      | Found a hide-covered altar of Uskayaw.
  5671 | D:6      | Reached skill level 5 in Fighting
  6075 | D:6      | Paralysed by Grinder for 5 turns
  6081 | D:6      | Killed Grinder
  6355 | D:7      | Found an iron altar of Okawaru.
  6361 | D:7      | Found a snail-covered altar of Cheibriados.
  6362 | D:7      | Found a blossoming altar of Fedhas.
  6378 | D:7      | Found a glowing silver altar of Zin.
  6507 | D:7      | Reached skill level 8 in Short Blades
  6552 | D:7      | Noticed Duvessa
  6559 | D:7      | Killed Duvessa
  6560 | D:7      | Reached skill level 5 in Shields
  6563 | D:7      | Noticed Dowan
  6569 | D:7      | Killed Dowan
  6570 | D:7      | Reached XP level 10. HP: 52/52 MP: 12/14
  7163 | D:8      | Reached *** piety under Makhleb
  7269 | D:8      | Noticed a white ugly thing
  7328 | D:8      | Killed a white ugly thing
  7489 | D:8      | Gained mutation: You are clumsy. (Dex -2) [a neqoxec]
  7602 | D:8      | Noticed Maggie
  7625 | D:8      | Killed Maggie
  7755 | D:8      | Reached skill level 9 in Short Blades
  7790 | D:8      | Reached skill level 5 in Invocations
  8020 | D:8      | Found a glowing golden altar of the Shining One.
  8199 | D:8      | a hog changed into a cane toad
  8199 | D:8      | Noticed a cane toad (shapeshifter)
  8267 | D:8      | a cane toad changed into a swamp drake
  8481 | D:9      | Reached skill level 10 in Short Blades
  8481 | D:9      | Reached XP level 11. HP: 58/58 MP: 14/16
  8679 | D:9      | Found a sparkling altar of Nemelex Xobeh.
  8852 | D:9      | Found a sacrificial altar of Ru.
  8951 | D:9      | Reached XP level 12. HP: 39/63 MP: 18/18
  9194 | D:10     | Entered Level 10 of the Dungeon
  9437 | D:10     | Reached **** piety under Makhleb
  9449 | D:10     | Reached skill level 11 in Short Blades
  9548 | D:10     | Found a radiant altar of Vehumet.
 10039 | D:10     | Found a broken altar of Ashenzari.
 10576 | D:11     | Found a staircase to the Lair.
 10746 | D:11     | Identified the +4 rapier of the Ghost {flame, rElec rF-
                  | Int+6}
 11083 | D:11     | Found a staircase to the Orcish Mines.
 11229 | Lair:1   | Entered Level 1 of the Lair of Beasts
 11233 | Lair:1   | Noticed Peloso's ghost (journeyman MiFi)
 11545 | Lair:1   | Found a runed translucent gate.
 11545 | Lair:1   | Found a runed translucent gate.
 11545 | Lair:1   | Found a runed translucent gate.
 11624 | Lair:1   | Reached skill level 12 in Short Blades
 12329 | Lair:2   | Noticed a death yak
 12474 | Lair:2   | Identified the +3 trident "Buffuq" {speed, Dex+4 SInv}
 12571 | Lair:2   | Found a staircase to the Shoals.
 12583 | Lair:2   | Reached XP level 13. HP: 64/70 MP: 18/20
 12780 | Lair:2   | Reached skill level 1 in Armour
 13856 | Lair:3   | Reached skill level 13 in Short Blades
 13886 | Lair:3   | Reached ***** piety under Makhleb
 13924 | Lair:3   | Found a staircase to the Snake Pit.
 14871 | Lair:3   | Reached XP level 14. HP: 57/76 MP: 14/22
 15176 | Lair:4   | Found a staircase to the Slime Pits.
 15176 | Lair:4   | Found a viscous altar of Jiyva.
 15240 | Lair:4   | Reached skill level 1 in Long Blades
 15676 | Lair:4   | Found an ornate altar of the Wu Jian Council.
 15702 | Lair:4   | Reached skill level 10 in Fighting
 16116 | Lair:5   | Entered Level 5 of the Lair of Beasts
 16907 | Lair:5   | Reached skill level 10 in Invocations
 17091 | Lair:5   | Reached skill level 5 in Dodging
 17343 | Lair:5   | Reached skill level 5 in Long Blades
 17411 | Lair:5   | Reached ****** piety under Makhleb
 17492 | Lair:5   | Reached skill level 5 in Armour
 17737 | Lair:5   | Identified the +6 flail of Amifi {pain, rPois rF+ Str+2
                  | Stlth+}
 18630 | D:12     | Found Cepnunn's Antique Weapon Emporium.
 18949 | D:13     | Found a frozen archway.
 18961 | D:13     | Reached XP level 15. HP: 76/81 MP: 19/23
 18986 | IceCv    | Entered an ice cave
 19787 | IceCv    | Identified the +11 arbalest "Bokkuda" {speed, rElec rN++
                  | Will+ Stlth-}
 19800 | IceCv    | Got Ofephuupipt's Spellbook of the Mob and the Door
 20711 | D:13     | Identified the blade talisman of Kostule {+Blink rC- Str+2
                  | Dex+2}
 20968 | D:13     | Found a gate to the Vaults.
 21343 | D:14     | Found a runed translucent door.
 21405 | D:14     | Found a runed translucent door.
 21586 | D:14     | Identified the +1 glaive of the Pit {heavy, Int+5}
 21775 | D:14     | Found a runed translucent door.
 21776 | D:14     | Identified the +0 ring mail "Jokhuun" {^Contam rPois Int+2
                  | Dex+5}
 22006 | D:14     | Found a white marble altar of Elyvilon.
 22541 | D:15     | Entered Level 15 of the Dungeon
 22691 | D:15     | Identified the +0 scale mail of the Armadillo {Str+4}
 23796 | D:15     | Reached XP level 16. HP: 85/88 MP: 21/25
 23984 | D:15     | Found a staircase to the Depths.
 24147 | Orc:1    | Entered Level 1 of the Orcish Mines
 24411 | Orc:2    | Entered Level 2 of the Orcish Mines
 24411 | Orc:2    | Found Cestob's Book Shop.
 24710 | Orc:2    | Found a staircase to the Elven Halls.
 24777 | Orc:2    | Noticed Maurice
 24809 | Orc:2    | Killed Maurice
 24905 | Orc:1    | Noticed Snorg
 24920 | Orc:1    | Killed Snorg
 24990 | Orc:1    | Found Ylunuydd's Antique Armour Shoppe.
 25546 | Orc:2    | Found Mauf's Assorted Antiques.
 26048 | Orc:1    | Noticed Harold
 26083 | Orc:1    | Killed Harold
 26694 | Orc:2    | Found Qiddiong's Distillery.
 26758 | Orc:2    | Found Hufez's Antique Armour Shop.
 26764 | Orc:2    | Found Sorukho's Antique Weapon Boutique.
 26828 | Orc:1    | Bought a pair of steaming gloves for 294 gold pieces
 26828 | Orc:1    | Identified the +0 pair of gloves of the Dowdy God {Str+3}
                  | (You bought it in a shop on level 1 of the Orcish Mines)
 26828 | Orc:1    | Bought a pair of embroidered boots for 232 gold pieces
 26909 | Orc:2    | Bought an embroidered scarf for 256 gold pieces
 27079 | Snake:1  | Entered Level 1 of the Snake Pit
 27220 | Snake:1  | Found a glowing silver altar of Zin.
 28082 | Snake:1  | Noticed an Executioner
 28230 | Snake:1  | Identified the +2 leather armour of Servitude {rF+}
 28341 | Snake:1  | Identified the +4 war axe "Zantess" {freeze, Int+6}
 28686 | Snake:1  | Killed from afar by a guardian serpent

Illustrated notes

Levels and vault maps discovered:
D:1:      zaba_arrival_water, layout_basic, serial_shops,
          nicolae_shop_window_shopping
D:2:      layout_rooms
D:3:      layout_basic
D:4:      layout_cave_pods, nzn_wu_jian_council_hall,
          mainiacjoe_overflow_alcove_1, minmay_temple_entry_statues_fountains
D:5:      layout_basic
D:6:      layout_basic, eat_drink_and_be_merry_uskayaw,
          mainiacjoe_sewer_entry_somewhere_in_here_2, kennysheep_generic_room_5,
          uniq_grinder
D:7:      layout_cave_pods, nicolae_overflow_macrodata_refinement,
          minmay_misc_feat_chi, uniq_duvessa
D:8:      minmay_ornate_pinched, layout_basic, general_overflow_altar,
          uniq_maggie
D:9:      layout_roguey, nemelex_spade_bored_becter,
          nicolae_overflow_crystal_walls, special_room [special_room_kobold]
D:10:     layout_basic, lemuel_doored_altar, mainiacjoe_overflow_24_doors
D:11:     nicolae_BIG_FREAKIN_CUBE, layout_loops_ring, erik_lair_orcish_takeover
D:12:     layout_roguey, serial_shops, shop
D:13:     layout_long_grid, lightli_vaults_fourway_checkpoint,
          portal_ice_cave_entry_ice_simulacra
D:14:     minmay_the_grid_four_pointed_star_mashed
          [minmay_the_grid_triangle_9x9_odd_lines,
          minmay_the_grid_triangle_9x9_corruption,
          minmay_the_grid_triangle_9x9_fully_insulated_deathbox,
          minmay_the_grid_triangle_9x9_zippers_vertical,
          minmay_the_grid_prize_four_corners], layout_layer_cave,
          serial_co_window_serial, co_window_paths_a, co_window_paths_a,
          co_window_of_opportunity_a, co_window_corner_a, co_window_paths_a,
          co_window_of_opportunity_c, co_window_corner_cb, co_window_cross_2,
          nicolae_elyvilon_peaceful_grove
D:15:     gammafunk_enter_depths_forms, layout_basic,
          hangedman_abyss_or_decor_slice, serial_rivers,
          chequers_serial_rivers_micro_d, chequers_serial_rivers_micro_e,
          chequers_serial_rivers_small_a, chequers_serial_rivers_micro_c,
          chequers_serial_rivers_micro_a, chequers_serial_rivers_small_a
Temple:   hellmonk_temple_flake
Lair:1:   layout_chaotic_city, gammafunk_ghost_icy
Lair:2:   nzn_winding_woodlands_small [nzn_winding_woodlands_5x15_split_checker,
          nzn_winding_woodlands_center_triple_pond,
          nzn_winding_woodlands_5x15_jagged], layout_chaotic_city,
          shoals_dummy_entry
Lair:3:   layout_misc_corridors, nicolae_snake_entry_warm_welcome
Lair:4:   layout_gridlike, minmay_slime_entry_pillars, roderic_carrion_pond,
          lemuel_altar_in_water2
Lair:5:   minmay_lair_end_frog_pond, layout_regular_city, st_stairs_7,
          nicolae_lair_grove_arrangements, dreamdust_gnoll_shepherd,
          lemuel_fruit_tree
Snake:1:  layout_layer_cave, basic_altar, nicolae_snake_gridmaze_waves
Orc:1:    layout_caves, serial_shops, nicolae_shop_tiny_glass, uniq_harold,
          uniq_snorg
Orc:2:    grunt_orc_community_town_hall, layout_diamond_mine,
          grunt_orc_community_big_house_1, grunt_orc_community_big_house_1,
          grunt_orc_community_house_2, grunt_orc_community_house_3,
          grunt_orc_community_house_1, grunt_orc_community_house_1,
          grunt_orc_community_house_3, grunt_orc_community_house_3,
          special_room, serial_shops, shop, mines2_david, uniq_maurice

Skill      XL: |  1  2  3  4  5  6  7  8  9 10 11 12 13 14 15 16 |
---------------+-------------------------------------------------+-----
Fighting       | 2 3 4 5 7 8 9 10 11 | 11.9
Short Blades   | 3 4 5 6 8 10 12 13 | 13.8
Stealth        | 1 2 3 4 5 7 8 9 |  9.0
Shields        | 1 2 3 4 5 6 7 8 9 |  9.7
Invocations    | 2 4 6 8 9 10 11 | 11.9
Armour         | 3 5 |  5.0
Dodging        | 4 5 6 7 |  7.5
Long Blades    | 5 8 9 |  9.7
Throwing       | |  1.7

Action                     |  1- 3 |  4- 6 |  7- 9 | 10-12 | 13-15 | 16-18 || total
---------------------------+-------+-------+-------+-------+-------+-------++-------
  Melee: Rapier            |   117 |    93 |   290 |   567 |   594 |     3 ||  1664
         Bite              |    29 |    27 |   103 |   212 |   724 |   214 ||  1309
         Demon blade       |       |       |       |       |   950 |   531 ||  1481
         Scimitar          |       |       |       |       |     8 |       ||     8
  Throw: Stone             |     2 |     1 |     5 |     7 |       |       ||    15
         Throwing net      |       |     2 |     1 |       |     1 |       ||     4
         Javelin           |       |     1 |       |       |       |       ||     1
         Dart              |       |       |       |     1 |     2 |       ||     3
 Invoke: Minor Destruction |       |       |    59 |   163 |   141 |   100 ||   463
         Lesser Servant of |       |       |       |     3 |     7 |     1 ||    11
         Major Destruction |       |       |       |       |     3 |     3 ||     6
         Greater Servant o |       |       |       |       |       |     1 ||     1
  Evoke: Wand              |       |     1 |       |       |       |       ||     1
    Use: Scroll            |       |     8 |     2 |    14 |    15 |     5 ||    44
         Potion            |       |       |       |     3 |     4 |     2 ||     9
   Stab: Sleeping          |       |     2 |     5 |    12 |     4 |       ||    23
         Held in net/web   |       |     2 |     1 |       |       |       ||     3
         Distracted        |       |       |       |     3 |     3 |     2 ||     8
         Invisible         |       |       |       |       |       |     2 ||     2
 Armour: Leather armour    |    42 |       |       |       |       |       ||    42
         Ring mail         |    18 |    50 |   151 |   313 |   406 |       ||   938
         Acid dragon scale |       |       |       |    20 |       |       ||    20
         Crystal plate arm |       |       |       |       |   641 |   285 ||   926
  Dodge: Dodged            |    66 |    35 |   151 |   280 |   696 |   151 ||  1379
  Block: Buckler           |     3 |    11 |    87 |   123 |   335 |       ||   559
         Kite shield       |       |       |       |       |   125 |   332 ||   457
         Reflection        |       |       |       |       |       |    13 ||    13
